 Dungeon Crawl Stone Soup version 0.19.4-9-g45fd643 (webtiles) character file.

102 protoss039 the Conjurer (level 4, -8/24 HPs)
             Began as a Deep Elf Wizard on Feb 22, 2017.
             Killed by nerve-wracking pain
             ... invoked by an orc priest
              (12 damage)
             ... on level 3 of the Dungeon.
             The game lasted 00:08:43 (2290 turns).

protoss039 the Conjurer (Deep Elf Wizard)           Turns: 2290, Time: 00:08:44

Health: -8/24      AC:  4    Str:  5    XL:     4   Next: 50%
Magic:  3/12       EV: 12    Int: 23    God:
Gold:   98         SH:  0    Dex: 13    Spells: 3 memorised, 5 levels left

rFire  . . .     SeeInvis .     e - +0 short sword
rCold  . . .     Gourm    .     s - +0 leather armour
rNeg   . . .     Faith    .     (no shield)
rPois  .         Spirit   .     b - +0 hat
rElec  .         Reflect  .     q - +0 cloak
rCorr  .         Harm     .     (no gloves)
MR     .....                    (no boots)
Stlth  ++........               (no amulet)
                                (no ring)
                                (no ring)

@: no status effects
A: no striking features
a: no special abilities


You were on level 3 of the Dungeon.
You were hungry.

You visited 1 branch of the dungeon, and saw 3 of its levels.

You collected 98 gold pieces.

Inventory:

Hand Weapons
 e - a +0 short sword (weapon)
Missiles
 g - 78 stones (quivered)
Armour
 a - a +0 robe
 b - a +0 hat (worn)
 l - a +0 buckler
 q - a +0 cloak (worn)
 s - a +0 leather armour (worn)
Scrolls
 f - a scroll of remove curse
 i - a scroll of amnesia {unknown}
 o - a scroll of immolation {unknown}
 r - a scroll of identify
Potions
 j - a potion of berserk rage
 k - a potion of agility {unknown}
 m - a potion of invisibility {unknown}
 p - a potion of curing {unknown}
Books
 c - a book of Minor Magic

   Spells                             Type                      Level
   a - Magic Dart                     Conjuration                  1
   b - Blink                          Translocation                2
   c - Call Imp                       Summoning                    2
   d - Repel Missiles                 Charms/Air                   2
   e - Slow                           Hexes                        2
   f - Conjure Flame                  Conjuration/Fire             3
   g - Mephitic Cloud                 Conjuration/Poison/Air       3
Comestibles
 d - 2 bread rations
 h - a meat ration
 n - a slice of pizza
 t - 2 chunks of flesh


   Skills:
 - Level 2.4 Dodging
 - Level 2.4 Stealth
 - Level 4.4 Spellcasting
 * Level 4.7 Conjurations
 + Level 0.0 Hexes
   Level 1.1 Summonings
   Level 1.1 Translocations
 * Level 0.4 Air Magic
 + Level 0.2 Poison Magic


You had 5 spell levels left.
You knew the following spells:

 Your Spells              Type           Power        Failure   Level  Hunger
a - Magic Dart            Conj           ####         2%          1    None
b - Slow                  Hex            #.......     28%         2    None
c - Mephitic Cloud        Conj/Pois/Air  ##......     28%         3    ##.....


Dungeon Overview and Level Annotations

Branches:
Dungeon (3/15)

Altars:
Vehumet


Message History

You closely miss the kobold. The kobold hits you.
* * * LOW HITPOINT WARNING * * *
Unknown command.
Casting: Magic Dart
Confirm with . or Enter, or press ? or * to list all spells.
Aiming: Magic Dart
Press: ? - help, Shift-Dir - straight line, f - kobold
Aim: a kobold The magic dart hits the kobold.
You kill the kobold!
Unknown command.
Found 5 gold pieces.
Unknown command.
Okay, then.
Unknown command.
Unknown command.
The orc priest invokes the aid of Beogh against you.
Pain shoots through your body!
Ouch! That really hurt!
You die...

#...# .. #...# ..
##...###### ..
#.......oo#######..
#o#######.##...o...
#.# #.##...###. #.#
#.......o.. #.###.#
#...(...... #.@...#
##....รท.... #....##
+.........
#....#####.....$.##
.....+..##.......#
......##.##...[...#
#.....$##.....######
.......+...........
##......##<####.####
#...# .#


You could see an orc priest.

Vanquished Creatures
  A gnoll (D:1)
  2 adders (D:2)
  2 oozes
  3 dart slugs
  A leopard gecko (D:2)
  An orc (D:3)
  4 giant cockroaches
  5 goblins
  6 hobgoblins
  3 jackals (D:3)
  8 kobolds
  2 quokkas (D:2)
  2 ball pythons (D:1)
  5 bats (D:1)
  3 frilled lizards
  9 rats
57 creatures vanquished.

Notes
Turn   | Place    | Note
-------+----------+-------------------------------------------
     0 | D:1      | protoss039 the Deep Elf Wizard began the quest for the Orb.
     0 | D:1      | Reached XP level 1. HP: 10/10 MP: 7/7
   229 | D:1      | Reached XP level 2. HP: 14/15 MP: 6/9
   326 | D:1      | Learned a level 2 spell: Slow
   783 | D:1      | Reached XP level 3. HP: 19/19 MP: 3/10
  1662 | D:2      | Reached XP level 4. HP: 20/24 MP: 7/12
  1766 | D:2      | Learned a level 3 spell: Mephitic Cloud
  2255 | D:3      | Found a radiant altar of Vehumet.
  2290 | D:3      | Killed from afar by an orc priest

Skill      XL: |  1  2  3 |
---------------+----------+-----
Conjurations   | 2 3 4 |  4.7
Dodging        | |  2.4
Stealth        | |  2.4
Spellcasting   | |  4.4
Summonings     | |  1.1
Translocations | |  1.1
Air Magic      | |  0.4
Poison Magic   | |  0.2

Action                   |  1- 3 |  4- 6 || total
-------------------------+-------+-------++-------
Melee: Unarmed           |     4 |       ||     4
       Short sword       |       |     5 ||     5
 Cast: Magic Dart        |    85 |    31 ||   116
       Slow              |     1 |     1 ||     2
  Use: Scroll            |       |     2 ||     2
  Eat: Chunk             |     2 |     1 ||     3
Armor: Robe              |     5 |       ||     5
       Leather armour    |       |     2 ||     2
Dodge: Dodged            |     7 |    10 ||    17
